AoeStats
← Lealcinho.23

Arena

509997154Analyzed
2v2 RM · 4d ago on Sep 29, 2026· 59m 37s· 4 players
Game mode
Random Map
Map size
Medium (4 player)
Population
200
Speed
Normal
Resources
Standard
Victory
Conquest
Starting age
Dark Age
Ending age
Imperial Age
RankedLock teamsTeams togetherTeam positionsShared explorationLock speedFull tech treeHidden civsTurbo modeCheats
Victory
Defeat
🇺🇸 Varangians · United States
1024
+23
🇲🇽 Britons · Mexico
857
+19
🇨🇱 Tatars · Chile
912
-15
🇨🇱 Spanish · Chile
912
-15
Leobiwankenobi
12:29 Feudal Age
12:16 Loom
13:20 Double-Bit Axe
15:10 Town Watch
15:27 Horse Collar
19:06 Castle Age
20:46 Town Patrol
26:18 Bow Saw
27:37 Heavy Plow
31:12 Imperial Age
29:12 Fletching
30:37 Wheelbarrow
30:33 Ballistics
30:26 Elite Skirmisher
31:56 Murder Holes
31:58 Pikeman
32:39 Squires
33:17 Warwolf
33:26 Gold Mining
37:47 Chemistry
36:49 Padded Archer Armor
37:36 Treadmill Crane
37:53 Bodkin Arrow
39:52 Yeomen
39:49 Bracer
40:50 Halberdier
44:45 Elite Longbowman
47:52 Capped Ram
49:08 Leather Archer Armor
49:07 Forging
48:57 Scale Mail Armor
56:20 Hoardings
56:26 Iron Casting
56:06 Chain Mail Armor
59:21 Two-Man Saw
58:37 Hand Cart
59:04 Gold Shaft Mining
58:22 Stone Mining
MrKaos
4:49 Loom
10:49 Feudal Age
11:42 Double-Bit Axe
18:25 Castle Age
18:17 Horse Collar
22:52 Wheelbarrow
24:01 Town Watch
24:33 Gold Mining
26:48 Elite Skirmisher
28:08 Bow Saw
28:49 Hand Cart
31:30 Imperial Age
29:37 Bloodlines
29:35 Squires
29:51 Forging
29:43 Scale Mail Armor
29:48 Scale Barding Armor
30:10 Pikeman
31:54 Husbandry
34:21 Fletching
34:32 Padded Archer Armor
34:21 Halberdier
35:33 Stone Mining
35:41 Bodkin Arrow
36:02 Leather Archer Armor
36:20 Arson
40:31 Conscription
41:10 Elite Varangian Guard
44:14 Bracer
44:48 Capped Ram
47:37 Two-Man Saw
46:39 Heavy Plow
47:15 Gambesons
48:15 Gothikon
50:48 Ring Archer Armor
50:54 Iron Casting
50:35 Chain Mail Armor
50:41 Chain Barding Armor
51:51 Stone Shaft Mining
52:38 Siege Ram
54:48 Caravan
56:50 Blast Furnace
56:21 Plate Mail Armor
56:26 Plate Barding Armor
56:51 Man-at-Arms
57:25 Long Swordsman
58:14 Two-Handed Swordsman
Lealcinho.23
11:11 Feudal Age
15:46 Castle Age
13:37 Loom
17:14 Double-Bit Axe
23:19 Wheelbarrow
25:35 Hand Cart
27:56 Horse Collar
32:41 Imperial Age
32:48 Forging
32:38 Fletching
32:56 Scale Barding Armor
34:06 Elite Keshik
34:39 Heavy Cavalry Archer
35:42 Squires
35:28 Arson
35:03 Pikeman
37:24 Bloodlines
37:14 Husbandry
37:21 Silk Armor
38:26 Chemistry
37:47 Ballistics
38:46 Light Cavalry
40:27 Iron Casting
40:35 Caravan
40:38 Gold Mining
40:44 Stone Mining
42:53 Gold Shaft Mining
42:09 Onager
43:24 Padded Archer Armor
47:39 Hussar
49:30 Bodkin Arrow
49:51 Leather Archer Armor
50:02 Bombard Tower
50:23 Bracer
50:49 Chain Barding Armor
50:15 Elite Skirmisher
51:57 Ring Archer Armor
52:40 Bow Saw
54:49 Capped Ram
56:50 Heavy Scorpion
58:30 Murder Holes
Fau10
11:17 Feudal Age
12:55 Loom
16:14 Castle Age
14:20 Double-Bit Axe
15:38 Horse Collar
15:54 Stone Mining
23:37 Bow Saw
25:09 Wheelbarrow
24:35 Gold Mining
24:47 Heavy Plow
26:19 Hand Cart
30:33 Imperial Age
28:21 Town Watch
29:54 Scale Barding Armor
29:50 Scale Mail Armor
30:00 Forging
29:40 Fletching
29:51 Padded Archer Armor
31:36 Chain Barding Armor
31:32 Chain Mail Armor
31:01 Pikeman
31:42 Squires
31:27 Arson
31:28 Gambesons
34:28 Two-Man Saw
33:00 Elite Conquistador
33:17 Elite Skirmisher
33:23 Halberdier
35:15 Bloodlines
35:05 Husbandry
34:26 Cavalier
36:03 Plate Barding Armor
35:59 Plate Mail Armor
35:30 Capped Ram
36:53 Conscription
37:57 Paladin
38:34 Siege Ram
43:44 Man-at-Arms
44:27 Light Cavalry
44:32 Long Swordsman
45:05 Hussar
46:17 Leather Archer Armor
45:57 Bodkin Arrow
46:37 Iron Casting
45:58 Two-Handed Swordsman
47:45 Chemistry
49:46 Ring Archer Armor
49:17 Bracer
50:17 Blast Furnace
50:49 Onager
51:22 Champion
Connection lost

Rejoining the realm…

Still unreachable

The connection could not be restored.

Session expired

The server has moved on; the page needs a fresh start.